 Dungeon Crawl Stone Soup version 0.30-a0-847-g17996783a1 (webtiles) character file.

Game seed: 9150099892091903768

41 geedmat the Firebug (level 3, 0/20 HPs)
             Began as a Tengu Fire Elementalist on Mar 4, 2023.
             Succumbed to an adder's poison
             ... on level 2 of the Dungeon.
             The game lasted 00:09:58 (1507 turns).

geedmat the Firebug (Tengu Fire Elementalist)       Turns: 1507, Time: 00:09:59

Health: 0/20       AC:  2    Str:  8    XL:     3   Next: 52%
Magic:  5/7        EV: 12    Int: 17    God:
Gold:   43         SH:  5    Dex: 14    Spells: 3/6 levels left

rFire   . . .      SeeInvis .    l - +2 short sword (speed)
rCold   . . .      Faith    .    (no shield)
rNeg    . . .      Spirit   .    a - +0 robe
rPois   .          Reflect  +    (helmet restricted)
rElec   .          Rampage  .    (no cloak)
rCorr   .                        (no gloves)
Will    .....                    (boots unavailable)
Stlth   ++                       h - amulet of reflection
HPRegen 0.23/turn                (no ring)
MPRegen 0.10/turn                (no ring)

@: lethally poisoned (0 -> -8)
A: beak, talons 3
a: no special abilities


You were on level 2 of the Dungeon.
You visited 1 branch of the dungeon, and saw 2 of its levels.

You collected 43 gold pieces.

Inventory:

Hand Weapons
 l - a +2 short sword of speed (weapon)
Missiles
 c - 19 stones
Armour
 a - a +0 robe (worn)
Jewellery
 h - an amulet of reflection (around neck)
Scrolls
 j - a scroll of identify
Potions
 b - a potion of magic
 e - a potion of curing {unknown}
 f - a potion of berserk rage {unknown}
 g - a potion of mutation {unknown}
 i - a potion of flight
 k - a potion of invisibility {unknown}


   Skills:
 + Level 0.4 Fighting
 - Level 2.1 Dodging
 - Level 2.0 Stealth
 - Level 2.0 Spellcasting
 - Level 1.3 Conjurations
 * Level 4.8 Fire Magic


You had 3 spell levels left.
You knew the following spells:

 Your Spells              Type           Power      Damage    Failure   Level
a - Foxfire               Conj/Fire      48%        2x1d6     5%          1
b - Scorch                Fire           36%        2d6       4%          2

Your spell library contained the following spells:

 Spells                   Type           Power      Damage    Failure   Level
 Inner Flame              Hex/Fire       9%         N/A       22%         3
 Kindle Blastsparks       Fire/Tloc/Air  14%        2d11      30%         3
 Ozocubu's Armour         Ice            1%         N/A       50%         3
 Flame Wave               Conj/Fire      12%        2d6       47%         4
 Ozocubu's Refrigeration  Ice            0%         4d7       100%        7


Dungeon Overview and Level Annotations

Branches:
Dungeon (2/15)

Altars:

Shops:
D:1 [=[*


Innate Abilities, Weirdness & Mutations

You have a beak for a mouth.
You have claws for feet.


Message History

Confirm with . or Enter, or press ? or * to list all spells.
Flames lash the endoplasm.
The endoplasm quivers.
The endoplasm is almost dead.
The endoplasm's fire resistance burns away.
The endoplasm attacks as you move away! The endoplasm misses you.
The endoplasm attacks as you move away! The endoplasm closely misses you.
The endoplasm is no longer more vulnerable to fire.
You hit the endoplasm.
You kill the endoplasm!
You start resting.
Magic restored.
An adder and a quokka come into view.
The adder moves out of view.
Casting: Scorch (safe; 4% risk of failure)
Confirm with . or Enter, or press ? or * to list all spells.
Flames lash the adder.
The adder is moderately wounded.
The adder's fire resistance burns away.
You block the adder's attack. The adder bites you.
You are poisoned.
The adder poisons you!
You feel sick. The adder attacks as you move away!
The adder completely misses you.
You feel sick.
The adder is no longer more vulnerable to fire.
You hit the adder. You claw the adder.
The adder is almost dead.
You feel sick. The adder bites you.
You feel sick.
You feel sick. The adder bites you.
* * * LOW HITPOINT WARNING * * *
You are more poisoned.
The adder poisons you! You block the adder's attack.
You feel sick. The adder attacks as you move away! The adder bites you.
* * * LOW HITPOINT WARNING * * *
You are more poisoned.
The adder poisons you!
You die...

#.# #.# .# #.# . #.#
#.# #########.... #.#
#.# #..r......... #.#
#.# #S####.###### #.#
#.# #.# ..# #.# #.# #@#
#... ###.# #.# #.# ##~~
....# #<# ##.## ###
###.###.# ##...##
........# ##.....##
....#########.......##
)....................##
###.#########..........
#.# ##.....#####


You could see an adder.

Vanquished Creatures
  An adder (D:2)
  A dart slug (D:1)
  5 bats (D:1)
  4 endoplasms
  2 giant cockroaches
  3 goblins (D:1)
  3 hobgoblins
  A ball python (D:1)
  A frilled lizard (D:1)
  3 kobolds
  4 rats (D:1)
28 creatures vanquished.

Vanquished Creatures (others)
  24 foxfires
24 creatures vanquished.

Grand Total: 52 creatures vanquished

Notes
Turn   | Place    | Note
-------+----------+-------------------------------------------
     0 | D:1      | geedmat the Tengu Fire Elementalist began the quest for the
                  | Orb.
     0 | D:1      | Reached XP level 1. HP: 10/10 MP: 4/4
    43 | D:1      | Found Giajufir's Antique Armour Boutique.
   224 | D:1      | Reached XP level 2. HP: 15/15 MP: 4/6
   227 | D:1      | Learned a level 2 spell: Scorch
   308 | D:1      | Found Xiymopli's General Store.
   353 | D:1      | Reached skill level 4 in Fire Magic
   904 | D:1      | Reached XP level 3. HP: 19/19 MP: 3/7
   947 | D:1      | Found Jiutuit's Armour Shoppe.
  1193 | D:1      | Found Keg Sigh's Jewellery Shop.
  1507 | D:2      | HP: 1/20 [adder (4)]
  1507 | D:2      | Succumbed to an adder's poison

Illustrated notes

Levels and vault maps discovered:
D:1:      tarquinn_simple_flora_water_e, layout_basic, serial_shops,
          nicolae_shop_window_shopping, nicolae_lakefront_shop, shop,
          nicolae_shop_statue_plus, st_stairs_5
D:2:      layout_loops_ring, amcnicky_mini_rare_corridor_liquid

Skill      XL: |  1  2 |
---------------+-------+-----
Fire Magic     | 4 |  4.8
Fighting       | |  0.4
Dodging        | |  2.1
Stealth        | |  2.0
Spellcasting   | |  2.0
Conjurations   | |  1.3

Action                     || total
---------------------------++-------
  Melee: Short sword       ||     3
         Kick              ||     1
   Cast: Foxfire           ||    15
         Scorch            ||    23
    Use: Scroll            ||     2
 Armour: Robe              ||     9
  Dodge: Dodged            ||    20
  Block: Other             ||     2

Table legend: (Time is in decaauts)
 A = Elapsed time spent in this place.
 B = Non-inter-level travel time spent in this place.
 C = Inter-level travel time spent in this place.
 D = Time resting spent in this place.
 E = Time spent auto-exploring this place.
 F = Levels seen in this place.
 G = Mean time per level.
                   A        B        C        D        E       F      G
               +--------+--------+--------+--------+--------+-----+--------+
         Total |   1504 |   1474 |     30 |    415 |    630 |   2 |  752.0 |
       Dungeon |   1504 |   1474 |     30 |    415 |    630 |   2 |  752.0 |
               +--------+--------+--------+--------+--------+-----+--------+

Top non-repeatable levels by time:
     D:1: 1224 daAuts
     D:2: 280 daAuts
